 Dungeon Crawl Stone Soup version 0.30-a0-374-g95c0257040 (webtiles) character file.

Game seed: 3845412439667820605

69 qeuew the Sneak (level 4, 0/22 HPs)
             Began as a Spriggan Brigand on Nov 27, 2022.
             Slain by an adder (1 damage)
             ... on level 3 of the Dungeon.
             The game lasted 00:05:54 (2042 turns).

qeuew the Sneak (Spriggan Brigand)                  Turns: 2042, Time: 00:05:54

Health: 0/22       AC:  3    Str:  7    XL:     4   Next: 2%
Magic:  5/5        EV: 14    Int: 12    God:
Gold:   185        SH:  0    Dex: 18    Spells: 3/3 levels left

rFire   . . .      SeeInvis +    m - +3 dagger
rCold   + + .      Faith    .    (no shield)
rNeg    . . .      Spirit   .    b - +0 robe
rPois   .          Reflect  .    (helmet restricted)
rElec   .          Harm     .    c - +0 cloak
rCorr   .          Rampage  .    (gloves unavailable)
Will    .....                    (boots unavailable)
Stlth   ++++......               (no amulet)
HPRegen 0.23/turn                j - ring of protection from cold
MPRegen 0.09/turn                l - ring of protection from cold

@: constricted, very quick
A: very small, no large weapons, unfitting armour, see invisible, speed 3
a: no special abilities


You were on level 3 of the Dungeon.
You visited 1 branch of the dungeon, and saw 3 of its levels.

You collected 185 gold pieces.

Inventory:

Hand Weapons
 a - a +2 dagger
 m - a +3 dagger (weapon)
Missiles
 d - 8 poisoned darts (quivered)
 e - 3 curare-tipped darts
Armour
 b - a +0 robe (worn)
 c - a +0 cloak (worn)
Jewellery
 j - a ring of protection from cold (left hand)
 l - a ring of protection from cold (right hand)
Scrolls
 f - 2 scrolls of teleportation
Potions
 i - 2 potions of magic


   Skills:
 - Level 1.5 Fighting
 + Level 2.8 Short Blades
 + Level 2.6 Throwing
 + Level 2.5 Dodging
 * Level 7.0 Stealth


You had 3 spell levels left.
You didn't know any spells.
Your spell library was empty.

Dungeon Overview and Level Annotations

Branches:
Dungeon (3/15)

Altars:
Xom


Innate Abilities, Weirdness & Mutations

You are very small and have problems with some larger weapons.
You are too small for most types of armour.
You have supernaturally acute eyesight. (SInv)
You cover ground extremely quickly. (Speed+++)


Message History

The endoplasm freezes you.
You are frozen.
You resist. The hobgoblin hits you.
* * * LOW HITPOINT WARNING * * *
The orc completely misses you.
You hit the adder.
The adder is almost dead.
The adder bites you.
* * * LOW HITPOINT WARNING * * *
The hobgoblin closely misses you. The orc misses you.
The endoplasm hits you but does no damage.
Unknown command.
Okay, then.
Okay, then.
You closely miss the adder.
The adder is almost dead.
The adder misses you. The adder closely misses you.
Unknown command.
You hit the adder but do no damage.
The adder is almost dead.
The endoplasm completely misses you. The hobgoblin closely misses you.
The orc barely misses you.
The ball python bites you but does no damage.
The ball python completely misses you. The adder misses you.
Unknown command.
You barely miss the adder.
The adder is almost dead.
The ball python closely misses you. The ball python barely misses you.
The endoplasm hits you but does no damage.
The hobgoblin barely misses you. The orc barely misses you.
The adder misses you.
Unknown command.
You closely miss the adder.
The adder is almost dead.
The ball python closely misses you. The ball python grabs you.
The ball python constricts you.
* * * LOW HITPOINT WARNING * * *
The endoplasm barely misses you. The hobgoblin hits you.
* * * LOW HITPOINT WARNING * * *
The orc closely misses you. The adder bites you.
You die...

#.............#
#####.............
....#.............
.##.#..........#
###.#..........######
.................... ##
........>......##.##..#
###..............S....#
#........[..8..@J.8..#
#.............Sgo...##
#..###..............#
#.... #..............#
.... #........>.....#
................#
........8.....8.#
..............#


You could see an adder, an orc, an endoplasm, a hobgoblin and a ball python.

Vanquished Creatures
  An adder (D:3)
  3 dart slugs (D:2)
  A worm (D:2)
  2 endoplasms
  A giant cockroach (D:2)
  8 goblins
  10 hobgoblins
  4 jackals (D:1)
  4 kobolds
  3 quokkas
  2 ball pythons
  2 bats
  2 frilled lizards
  2 rats (D:1)
45 creatures vanquished.

Notes
Turn   | Place    | Note
-------+----------+-------------------------------------------
     0 | D:1      | qeuew the Spriggan Brigand began the quest for the Orb.
     0 | D:1      | Reached XP level 1. HP: 10/10 MP: 2/2
    74 | D:1      | Reached skill level 6 in Stealth
   191 | D:1      | Reached XP level 2. HP: 14/14 MP: 3/3
   902 | D:2      | Found a shimmering altar of Xom.
  1036 | D:2      | Reached XP level 3. HP: 16/18 MP: 4/4
  1963 | D:3      | Reached skill level 7 in Stealth
  1963 | D:3      | Reached XP level 4. HP: 19/22 MP: 5/5
  2042 | D:3      | HP: 1/22 [hobgoblin (2)]
  2042 | D:3      | Slain by an adder

Illustrated notes

Levels and vault maps discovered:
D:1:      dpeg_arrival_shrine, layout_loops_ring
D:2:      layout_loops_ring, basic_altar, minmay_goblin_outpost
D:3:      wander_river, layout_rooms, grunt_gozag_breadcrumbs,
          mainiacjoe_overflow_alcove_4, gammafunk_ghost_arena, st_stairs_1,
          uniq_ijyb

Skill      XL: |  1  2  3 |
---------------+----------+-----
Stealth        | 6 7 |  7.0
Dodging        | 2 |  2.5
Fighting       | |  1.5
Short Blades   | |  2.8
Throwing       | |  2.6

Action                   |  1- 3 |  4- 6 || total
-------------------------+-------+-------++-------
Melee: Dagger            |   131 |    16 ||   147
Throw: Dart              |    30 |       ||    30
  Use: Potion            |     4 |       ||     4
       Scroll            |     4 |       ||     4
 Stab: Sleeping          |     8 |     1 ||     9
       Distracted        |     1 |       ||     1
Armor: Robe              |    15 |     5 ||    20
Dodge: Dodged            |    90 |    34 ||   124

Table legend: (Time is in decaauts)
 A = Elapsed time spent in this place.
 B = Non-inter-level travel time spent in this place.
 C = Inter-level travel time spent in this place.
 D = Time resting spent in this place.
 E = Time spent auto-exploring this place.
 F = Levels seen in this place.
 G = Mean time per level.
                   A        B        C        D        E       F      G
               +--------+--------+--------+--------+--------+-----+--------+
         Total |   1349 |   1243 |    106 |      0 |    928 |   3 |  449.7 |
       Dungeon |   1349 |   1243 |    106 |      0 |    928 |   3 |  449.7 |
               +--------+--------+--------+--------+--------+-----+--------+

Top non-repeatable levels by time:
     D:2: 688 daAuts
     D:1: 555 daAuts
     D:3: 106 daAuts
